Map: Arctic Dream LE

Players

Massa - Winner!

  • Race: Terran Terran
  • League: Platinum
  • Spawn Location: 5:00

qqq - Winner!

  • Race: Protoss Protoss
  • League: Platinum
  • Spawn Location: 6:00

tomahoax

  • Race: Zerg Zerg
  • Spawn Location: 12:00

Ozymandias

  • Race: Zerg Zerg
  • Spawn Location: 11:00

VOD

Have the link to the VOD?

Description

Time

  • Played on: Dec. 23, 2020, 1:21 p.m.
  • Length: 9:47
Show
View Real Time Build Order
Export as new Build Order

Massa Terran - Winner!

Build Orders: 2 Factory, Hellion Opening 

Get SALT Encoding   

  12  0:00  SCV  
  13  0:12  SCV  
  14  0:17  Supply Depot  
  14  0:24  SCV  
  15  0:38  SCV  
  15  0:39  Barracks  
  16  0:46  Refinery  
  16  0:50  SCV  
  17  1:03  SCV  
  18  1:15  SCV, Supply Depot  
  19  1:23  Refinery  
  19  1:27  SCV  
  19  1:29  Marine  
  22  1:43  Orbital Command  
  21  1:49  Factory  
  22  2:11  SCV, Factory  
  22  2:15  Barracks Tech Lab  
  22  2:23  SCV  
  23  2:42  Barracks Reactor  
  23  2:46  Hellion  
  23  2:47  Infernal Pre-Igniter  
  23  2:50  Command Center  
  25  2:54  SCV  
  26  3:01  Supply Depot  
  26  3:08  Hellion  
  28  3:23  Hellion x2  
  32  3:29  Barracks Tech Lab, Hellion  
  34  3:45  Hellion x2  
  38  3:49  Starport  
  38  3:55  Supply Depot  
  38  3:56  Supply Depot  
  38  4:01  SCV  
  38  4:02  SCV, Hellion  
  42  4:09  Hellion  
  44  4:13  SCV  
  44  4:16  Hellion  
  47  4:25  Medivac  
  47  4:28  Hellion  
  51  4:32  Marine  
  51  4:35  SCV  
  51  4:36  SCV  
  54  4:47  SCV  
  54  4:49  Orbital Command  
  54  4:52  Marine  
  56  4:54  Widow Mine  
  56  4:59  SCV  
  59  5:03  Widow Mine  
  59  5:04  Widow Mine  
  63  5:10  Marine  
  64  5:27  Marine  
  59  6:27  SCV x2  
  61  6:39  SCV x2  
  63  6:48  Medivac  
  63  6:49  Siege Tank  
  63  6:50  Marauder  
  63  6:51  Stimpack  
  70  6:57  Barracks x2  
  70  6:58  Barracks  
  70  7:04  Engineering Bay x2  
  70  7:08  Armory  
  70  7:11  Refinery  
  70  7:12  Refinery  
  70  7:23  SCV x2  
  70  7:28  Marauder  
  70  7:35  SCV x2  
  66  7:41  Medivac  
  66  7:42  Siege Tank  
  66  7:43  Widow Mine x2  
  69  7:47  SCV, Supply Depot  
  69  7:48  Supply Depot  
  69  7:50  Supply Depot  
  70  8:01  Supply Depot x2  
  70  8:09  Widow Mine, SCV x2, Marauder, Marine x3  
  79  8:13  Supply Depot x2  
  79  8:14  Supply Depot  
  79  8:15  Starport Reactor  
  79  8:21  SCV x2  
  79  8:25  Command Center, Supply Depot  
  79  8:26  Supply Depot  
  79  8:27  Marine x3  
  81  8:31  Marauder  
  81  8:33  SCV x2  
  88  8:45  SCV  
  89  8:50  Supply Depot  
  89  8:51  Medivac  
  89  8:52  Medivac  
  89  8:53  Concussive Shells  
  89  8:55  Barracks Tech Lab x2  
  93  8:56  Barracks Reactor  
  93  8:58  Widow Mine x2, Siege Tank  
  93  9:01  Marauder  
  102  9:05  SCV  
  102  9:06  SCV  
  104  9:15  Supply Depot  
  104  9:18  SCV x2  
  104  9:22  Marauder  
  112  9:25  Command Center  
  112  9:37  Supply Depot  
Show
View Real Time Build Order
Export as new Build Order

qqq Protoss - Winner!

Build Orders:  

Get SALT Encoding   

  12  0:02  Probe  
  13  0:14  Pylon  
  13  0:22  Probe  
  14  0:35  Probe  
  15  0:37  Forge  
  15  0:47  Probe  
  16  1:03  Probe  
  17  1:15  Probe, Pylon  
  18  1:27  Probe  
  19  1:38  Photon Cannon  
  19  1:39  Probe, Photon Cannon  
  20  1:51  Probe  
  20  1:53  Pylon  
  21  1:56  Pylon  
  21  2:12  Photon Cannon  
  21  2:15  Photon Cannon  
  21  2:21  Photon Cannon  
  21  2:26  Pylon  
  21  2:27  Probe  
  22  2:39  Probe  
  23  2:57  Probe  
  24  2:58  Nexus  
  24  3:03  Gateway  
  24  3:08  Photon Cannon  
  24  3:19  Probe  
  25  3:20  Assimilator  
  25  3:24  Assimilator  
  25  3:31  Probe  
  25  3:42  Photon Cannon  
  25  3:43  Probe  
  25  3:45  Pylon  
  26  3:55  Probe  
  27  3:56  Pylon  
  27  3:57  Cybernetics Core  
  28  4:10  Probe (Chrono Boost)  
  28  4:11  Probe (Chrono Boost)  
  29  4:20  Probe (Chrono Boost)  
  29  4:22  Photon Cannon  
  29  4:23  Probe (Chrono Boost)  
  31  4:25  Probe (Chrono Boost)  
  32  4:31  Probe  
  32  4:36  Photon Cannon  
  33  4:43  Probe  
  33  4:44  Probe  
  35  4:51  Stargate  
  35  4:52  Pylon  
  35  4:55  Probe  
  35  4:56  Probe  
  35  4:57  Assimilator  
  36  5:00  Assimilator  
  36  5:08  Probe x2  
  38  5:20  Probe x2  
  40  5:23  Stargate  
  40  5:32  Probe x2  
  40  5:33  Void Ray  
  46  5:44  Probe  
  47  5:56  Probe  
  48  6:02  Void Ray  
  48  6:08  Probe  
  48  6:10  Photon Cannon  
  53  6:15  Photon Cannon  
  53  6:18  Void Ray  
  53  6:19  Nexus  
  53  6:20  Pylon  
  53  6:23  Pylon  
  57  6:39  Void Ray  
  61  6:47  Stalker  
  63  6:55  Void Ray  
  67  7:02  Photon Cannon  
  67  7:05  Photon Cannon  
  67  7:08  Shield Battery  
  66  7:22  Void Ray  
  70  7:32  Probe, Void Ray  
  75  7:44  Probe  
  76  7:56  Probe  
  77  7:59  Void Ray  
  81  8:08  Probe  
  82  8:20  Probe  
  83  8:34  Void Ray  
  85  8:51  Nexus  
  85  8:52  Pylon  
  85  8:56  Pylon  
  85  9:05  Pylon x2  
  85  9:07  Pylon  
  85  9:09  Pylon  
  85  9:14  Pylon  
  85  9:16  Pylon  
  89  9:18  Pylon  
  93  9:24  Probe  
  94  9:31  Assimilator  
  95  9:38  Assimilator  
  95  9:40  Photon Cannon  
  95  9:42  Photon Cannon  
  95  9:43  Shield Battery  
Show
View Real Time Build Order
Export as new Build Order

tomahoax Zerg 

Build Orders: Pool First 

Get SALT Encoding   

  12  0:02  Drone  
  13  0:21  Overlord  
  13  0:23  Drone  
  14  0:34  Spawning Pool  
  13  0:37  Extractor  
  12  0:50  Drone x2  
  12  0:51  Drone  
  15  1:15  Hatchery  
  14  1:32  Queen  
  14  1:38  Metabolic Boost  
  16  1:43  Drone  
  17  1:48  Drone  
  17  1:53  Drone  
  18  2:22  Queen  
  18  2:23  Drone x2  
  22  2:31  Drone, Queen  
  25  2:48  Drone x3  
  28  2:58  Overlord  
  28  3:02  Overlord x2  
  28  3:22  Extractor, Roach Warren  
  28  3:23  Drone, Spore Crawler  
  26  3:33  Drone  
  26  3:34  Drone x2  
  29  3:38  Drone x2  
  31  3:46  Drone  
  31  3:47  Drone  
  33  3:50  Drone  
  34  3:56  Drone  
  35  4:03  Lair  
  35  4:07  Zergling x4  
  37  4:16  Drone x3  
  40  4:34  Roach  
  40  4:35  Roach x2  
  46  4:38  Drone x2  
  46  4:39  Drone x4  
  46  4:43  Spore Crawler  
  46  4:45  Extractor  
  48  4:59  Roach x2  
  52  5:02  Glial Reconstitution  
  52  5:03  Overlord  
  52  5:04  Overlord  
  50  5:15  Roach  
  50  5:16  Overlord  
  52  5:24  Roach x3  
  52  5:25  Roach  
  52  5:26  Spine Crawler  
  59  5:33  Ravager  
  59  5:34  Ravager  
  61  5:41  Drone x6  
  67  5:49  Extractor  
  66  6:06  Roach x5  
  76  6:12  Overlord x3  
  76  6:18  Evolution Chamber  
  75  6:20  Drone, Overlord  
  75  6:21  Evolution Chamber  
  75  6:35  Ravager x5  
  75  6:38  Roach x2  
  75  6:39  Roach x2  
  88  6:43  Spore Crawler  
  88  6:47  Zerg Missile Weapons Level 1, Spore Crawler  
  86  6:48  Zerg Ground Armor Level 1  
  86  6:49  Drone x2  
  86  6:50  Drone x2  
  86  7:17  Roach x6  
  95  7:43  Drone x2  
  95  7:44  Drone  
  90  8:01  Spore Crawler  
  89  8:07  Drone, Spore Crawler  
  89  8:08  Drone x4  
  89  8:09  Drone x3  
  96  8:14  Spore Crawler  
  95  8:29  Hatchery  
  95  8:31  Hatchery, Overlord x4  
  93  8:34  Queen  
  95  9:01  Spore Crawler  
  81  9:21  Hydralisk Den  
  67  9:26  Drone x8, Spore Crawler x2  
  67  9:28  Spore Crawler  
Show
View Real Time Build Order
Export as new Build Order

Ozymandias Zerg 

Build Orders: Hatch First 

Get SALT Encoding   

  12  0:00  Drone  
  13  0:14  Overlord  
  13  0:21  Drone  
  14  0:32  Drone x2  
  16  0:49  Hatchery  
  15  0:52  Drone  
  15  0:55  Extractor  
  15  0:57  Drone  
  15  1:01  Drone  
  17  1:08  Drone  
  18  1:20  Drone  
  19  1:28  Spawning Pool  
  19  1:30  Drone  
  19  1:40  Drone  
  20  2:24  Zergling x2  
  20  2:25  Queen, Zergling x10  
  28  2:49  Spine Crawler  
  28  2:50  Spine Crawler  
  20  3:53  Drone  
  21  3:59  Hatchery  
  20  4:08  Drone  
  21  4:30  Overlord  
  21  4:31  Overlord x3  
  21  4:38  Roach Warren  
  20  4:48  Queen  
  22  4:53  Hatchery  
  22  5:04  Drone  
  22  5:05  Drone x4  
  27  5:26  Hatchery  
  12  5:30  Roach  
  4  7:21  Drone x2  
  6  7:28  Drone x3  
Tags
 
Add a new tag
Caveats
  • Supply blocks, unpowered buildings, or Contaminate may cause inaccurate times.
  • Supply counts are checked every 10 seconds.